 Dungeon Crawl Stone Soup version 0.26-a0-665-gefeb406119 (webtiles) character file.

Game seed: 8100012413368939989

4 Ijustatesigmund the Magician (level 1, 0/9 HPs)
             Began as a Spriggan Wanderer on Oct 15, 2020.
             Succumbed to an adder's poison
             ... on level 2 of the Dungeon.
             The game lasted 00:01:54 (315 turns).

Ijustatesigmund the Magician (Spriggan Wanderer)     Turns: 315, Time: 00:01:55

Health: 0/9        AC:  2    Str:  6    XL:     1   Next: 50%
Magic:  6/6        EV: 16    Int: 15    God:
Gold:   28         SH:  0    Dex: 15    Spells: 7/8 levels left

rFire    . . .     SeeInvis +   a - +2 dagger
rCold    . . .     Faith    .   (shield restricted)
rNeg     . . .     Spirit   .   d - +0 robe
rPois    .         Reflect  .   (helmet restricted)
rElec    .         Harm     .   (no cloak)
rCorr    .         Rampage  .   (gloves unavailable)
MR       .....                  (boots unavailable)
Stlth    ++........             (no amulet)
HPRegen  0.03/turn              (no ring)
MPRegen  0.10/turn              (no ring)

@: lethally poisoned (0 -> -2), hasted, very quick
A: very small, unfitting armour, see invisible, speed 3
a: no special abilities


You were on level 2 of the Dungeon.
You visited 1 branch of the dungeon, and saw 2 of its levels.

You collected 28 gold pieces.

Inventory:

Hand Weapons
 a - a +2 dagger (weapon)
Armour
 d - a +0 robe (worn)
Scrolls
 c - 2 scrolls of identify {unknown}


   Skills:
 + Level 0.2 Fighting
 + Level 0.4 Short Blades
 + Level 0.8 Dodging
 - Level 3.0 Stealth
 - Level 4.0 Spellcasting
 - Level 1.3 Conjurations
   Level 3.6 Hexes


You had 7 spell levels left.
You knew the following spells:

 Your Spells              Type           Power        Failure   Level
a - Shock                 Conj/Air       #...         14%         1

Your spell library contained the following spells:

 Spells                   Type           Power        Failure   Level
 Dazzling Flash           Conj/Hex       ##....       19%         3


Dungeon Overview and Level Annotations

Branches:
Dungeon (2/15)

Altars:


Innate Abilities, Weirdness & Mutations

You are very small and have problems with some larger weapons.
You are too small for most types of armour.
You have supernaturally acute eyesight. (SInv)
You cover ground extremely quickly.


Message History

The adder bites you.
* * * LOW HITPOINT WARNING * * *
You are too injured to fight recklessly!
You are too injured to fight recklessly!
You are too injured to fight recklessly!
You are too injured to fight recklessly!
You are too injured to fight recklessly!
You are too injured to fight recklessly!
You are too injured to fight recklessly!
You are too injured to fight recklessly!
You are too injured to fight recklessly!
You are too injured to fight recklessly!
You are too injured to fight recklessly!
You are too injured to fight recklessly!
You are too injured to fight recklessly!
You are too injured to fight recklessly!
* * * LOW HITPOINT WARNING * * *
You feel sick.
You feel yourself speed up. The adder misses you.
You die...

#.# #.#
##.########
#..........
#..######## #..#
########+#. #..#
#.......... #..#
#..........
#@.###..........
#.[..+..........
#.####..........
#>.S............
##.S............
#..............
#..............
#####..........
#..........


There were no monsters in sight!

Vanquished Creatures
  A bat (D:1)
  A frilled lizard (D:1)
  A goblin (D:1)
  2 kobolds (D:1)
5 creatures vanquished.

Notes
Turn   | Place    | Note
-------+----------+-------------------------------------------
     0 | D:1      | Ijustatesigmund the Spriggan Wanderer began the quest for
                  | the Orb.
     0 | D:1      | Ijustatesigmund set off with the following items: a +2
                  | dagger, a potion of haste, a +0 robe; and the following
                  | spell memorised: Shock; and the following spells available
                  | to memorise: Dazzling Flash
     0 | D:1      | Reached XP level 1. HP: 9/9 MP: 6/6
   315 | D:2      | Succumbed to an adder's poison

Illustrated notes

Levels and vault maps discovered:
D:1:      dpeg_arrival_shelter, layout_basic
D:2:      layout_basic, grunt_ministairs_2, uniq_crazy_yiuf_cottage,
          uniq_natasha

Action                   || total
-------------------------++-------
Melee: Dagger            ||    20
 Cast: Shock             ||     2
  Use: Potion            ||     1
 Stab: Sleeping          ||     3
Armor: Robe              ||     1
Dodge: Dodged            ||    15

Table legend: (Time is in decaauts)
 A = Elapsed time spent in this place.
 B = Non-inter-level travel time spent in this place.
 C = Inter-level travel time spent in this place.
 D = Time resting spent in this place.
 E = Time spent auto-exploring this place.
 F = Levels seen in this place.
 G = Mean time per level.
                   A        B        C        D        E       F      G
               +--------+--------+--------+--------+--------+-----+--------+
         Total |    257 |    257 |      0 |    142 |     36 |   2 |  128.5 |
       Dungeon |    257 |    257 |      0 |    142 |     36 |   2 |  128.5 |
               +--------+--------+--------+--------+--------+-----+--------+

Top non-repeatable levels by time:
     D:2: 161 daAuts
     D:1: 96 daAuts
